 Dungeon Crawl Stone Soup version 0.27.1-34-g3ba077fa99 (webtiles) character file.

Game seed: 11394251857853954306

149 zeram the Covert (level 5, 0/34 HPs)
             Began as an Octopode Brigand on Jan 2, 2022.
             Slain by an orc (7 damage)
             ... on level 2 of the Dungeon.
             The game lasted 00:03:38 (2787 turns).

zeram the Covert (Octopode Brigand)                 Turns: 2787, Time: 00:03:39

Health: 0/34       AC:  1    Str: 11    XL:     5   Next: 31%
Magic:  5/5        EV: 12    Int: 14    God:
Gold:   38         SH:  0    Dex: 13    Spells: 4/4 levels left

rFire    . . .     SeeInvis .   a - +3 dagger (drain)
rCold    . . .     Faith    .   (no shield)
rNeg     . . .     Spirit   .   (helmet restricted)
rPois    .         Reflect  .   (no amulet)
rElec    .         Harm     .   (no ring)
rCorr    .         Rampage  .   (no ring)
Will     .....                  (no ring)
Stlth    +++++.....             (no ring)
HPRegen  0.11/turn              (no ring)
MPRegen  0.09/turn              (no ring)
                                (no ring)
                                (no ring)

@: brilliant
A: almost no armour, amphibious, 8 rings, camouflage 1, gelatinous body 1,
(nimble swimmer 1), tentacles
a: no special abilities


You were on level 2 of the Dungeon.
You visited 1 branch of the dungeon, and saw 3 of its levels.

You collected 38 gold pieces.

Inventory:

Hand Weapons
 a - a +3 dagger of draining (weapon)
Missiles
 b - 8 poisoned darts (quivered)
 c - 2 curare-tipped darts
Scrolls
 k - a scroll of identify
Potions
 d - a potion of cancellation {unknown}
 e - a potion of haste {unknown}
 f - 2 potions of degeneration
 g - a potion of invisibility {unknown}
 h - a potion of resistance {unknown}
 i - 2 potions of attraction
 j - a potion of mutation {unknown}
 l - a potion of brilliance
 m - a potion of lignification {unknown}


   Skills:
 - Level 2.0 Fighting
 - Level 2.0 Short Blades
 - Level 2.0 Throwing
 - Level 1.0 Dodging
 + Level 9.0 Stealth


You had 4 spell levels left.
You didn't know any spells.
Your spell library was empty.

Dungeon Overview and Level Annotations

Branches:
Dungeon (3/15)

Altars:
Ashenzari
Okawaru
Sif Muna
Uskayaw
Wu Jian
Xom
The Shining One


Innate Abilities, Weirdness & Mutations

You cannot wear most types of armour.
You are amphibious.
You can wear up to eight rings at the same time.
Your skin changes colour to match your surroundings (Stealth+).
Your rubbery body absorbs attacks. (AC +1, EV +1)
((You are camouflaged near water. (Stealth+)))
You have tentacles for arms and can constrict up to eight enemies at once.


Message History

You kill the ball python!
The orc misses you.
You see here a ball python corpse.
You hit the orc but do no damage. You grab the orc. You constrict the orc.
The orc misses you.
You hit the orc. You drain the orc. You grab the orc.
The orc is almost dead.
You constrict the orc.
You kill the orc!
You constrict the orc. The orc hits you with a +0 morningstar!
The orc closely misses you. Something hits you.
You are too injured to fight recklessly!
Unknown command.
You release your grip on the orc.
The orc hits you with a +0 hand axe.
A magic dart appears from out of thin air!
The magic dart hits you!
* * * LOW HITPOINT WARNING * * *
Okay, then.
It was a potion of brilliance.
You feel clever all of a sudden. The orc closely misses you.
Unknown command.
The orc misses you.
An orc wizard appears from thin air!
Reactivating autopickup.
You see here a +0 morningstar.
The orc wizard mumbles some strange words.
The orc wizard flickers and vanishes!
Deactivating autopickup; reactivate with Ctrl-A.
You see here a +0 club.
There is a stone staircase leading up here.
The orc closely misses you.
You climb upwards.
Reactivating autopickup.
There is a stone staircase leading down here.
You barely miss the orc. You grab the orc. You squeeze the orc.
The orc is lightly wounded.
You constrict the orc. The orc hits you with a +0 morningstar!
You die...

...............# #.#
#####.####.##### #.#
####.####.# #.#
#.......#.# #.#
#.......#.# #.#
#.......#.# #.#
#.....#..<# ###.#
#.....#...# #.o.#
#...#####.# #@###
#.....#.#########.# ##
#.##.###....#....###.#
#..##..P....#.PP..PP# ##
#..##.P...PP#P..PP..##.#
#.#.........#P.....P.P#
##.#......PPP_..P...P..#
...#....P..P.#.........##
##.###PP...P.#......P##.#


You could see an orc.

Vanquished Creatures
  Natasha (thrice) (D:2)
  2 adders
  A worm (D:2)
  2 dart slugs
  2 orcs (D:3)
  3 endoplasms
  4 goblins
  7 hobgoblins
  3 jackals (D:2)
  2 quokkas
  7 ball pythons
  5 bats
  3 frilled lizards
  5 kobolds
  3 rats (D:1)
52 creatures vanquished.

Notes
Turn   | Place    | Note
-------+----------+-------------------------------------------
     0 | D:1      | zeram the Octopode Brigand began the quest for the Orb.
     0 | D:1      | Reached XP level 1. HP: 14/14 MP: 1/1
   288 | D:1      | Reached skill level 6 in Stealth
   288 | D:1      | Reached XP level 2. HP: 14/19 MP: 2/2
  1177 | D:2      | Reached XP level 3. HP: 20/24 MP: 3/3
  1384 | D:2      | Reached skill level 7 in Stealth
  1633 | D:2      | Noticed Natasha
  1640 | D:2      | Killed Natasha
  1641 | D:2      | Reached XP level 4. HP: 29/29 MP: 4/4
  1685 | D:2      | Found a faded altar of an unknown god.
  1761 | D:2      | Noticed Natasha
  1770 | D:2      | Killed Natasha
  1771 | D:2      | Reached skill level 8 in Stealth
  1773 | D:2      | Noticed Natasha
  1780 | D:2      | Killed Natasha
  2076 | D:2      | Reached XP level 5. HP: 30/34 MP: 5/5
  2468 | D:3      | Found a shimmering altar of Xom.
  2469 | D:3      | Found a broken altar of Ashenzari.
  2469 | D:3      | Found a hide-covered altar of Uskayaw.
  2469 | D:3      | Found a glowing golden altar of the Shining One.
  2477 | D:3      | Found a shimmering blue altar of Sif Muna.
  2478 | D:3      | Found an ornate altar of the Wu Jian Council.
  2546 | D:3      | Found an iron altar of Okawaru.
  2684 | D:3      | Reached skill level 9 in Stealth
  2787 | D:2      | Slain by an orc

Illustrated notes

Levels and vault maps discovered:
D:1:      lightli_arrival_flooded_house, layout_loops_corners,
          lemuel_flame_loot_1
D:2:      cheibrodos_helix_gallery, layout_loops_ring,
          shapermc_ecumenical_altar_gd, uniq_natasha
D:3:      layout_rooms, mainiacjoe_overflow_24_doors, minmay_overflow_temple_hex

Skill      XL: |  1  2  3  4  5 |
---------------+----------------+-----
Stealth        | 6 7 8 9 |  9.0
Fighting       | |  2.0
Short Blades   | |  2.0
Throwing       | |  2.0
Dodging        | |  1.0

Action                   |  1- 3 |  4- 6 || total
-------------------------+-------+-------++-------
Melee: Dagger            |    56 |    41 ||    97
       Constrict         |    13 |    11 ||    24
       Tentacles         |     7 |     6 ||    13
  Use: Scroll            |     3 |     5 ||     8
       Potion            |       |     1 ||     1
 Stab: Sleeping          |    14 |     8 ||    22
Armor: Skin              |     3 |       ||     3
Dodge: Dodged            |    28 |    18 ||    46
